 Dungeon Crawl Stone Soup version 0.30.1-3-gfc49f6343a (webtiles) character file.

Game seed: 6825708063485612782

57 nalyd1 the Chopper (level 3, -4/29 HPs)
             Began as a Demonspawn Chaos Knight on July 21, 2023.
             Was a Plaything of Xom.
             Slain by a gnoll
             ... wielding a +0 halberd
              (9 damage)
             ... on level 3 of the Dungeon.
             The game lasted 00:07:45 (2353 turns).

nalyd1 the Chopper (Demonspawn Chaos Knight)        Turns: 2353, Time: 00:07:46

Health: -4/29      AC: 14    Str: 14    XL:     3   Next: 73%
Magic:  3/3        EV:  7    Int: 13    God:    Xom [.*....]
Gold:   62         SH:  0    Dex: 12    Spells: 2/2 levels left

rFire   . . .        a - +0 hand axe (chaos)
rCold   . . .        (no shield)
rNeg    . . .        k - +0 chain mail
rPois   .            (no helmet)
rElec   .            (no cloak)
rCorr   .            (no gloves)
SInv    .            (no boots)
Will    .....        f - amulet of faith Stlth
                     (no ring)
HPRegen 0.24/turn    (no ring)
MPRegen 0.08/turn

%: faith
@: sanguine armoured
A: sanguine armour 1, MP-powered wands
a: Renounce Religion


You were on level 3 of the Dungeon.
You worshipped Xom.
You were a plaything of Xom.
You visited 1 branch of the dungeon, and saw 3 of its levels.

You collected 62 gold pieces.

Inventory:

Hand Weapons
 a - a +0 hand axe of chaos (weapon)
Armour
 k - a +0 chain mail (worn)
Jewellery
 f - an amulet of faith (around neck)
 i - an amulet of magic regeneration
Scrolls
 b - a scroll of identify
 d - a scroll of magic mapping
 g - a scroll of vulnerability
 j - a scroll of teleportation
Potions
 h - a potion of ambrosia
Miscellaneous
 c - a piece from Xom's chessboard (15/15) (quivered)


   Skills:
 + Level 3.4 Fighting
 + Level 3.5 Axes
 + Level 2.1 Armour
 + Level 1.2 Dodging
 + Level 0.2 Stealth


You had 2 spell levels left.
You didn't know any spells.
Your spell library contained the following spells:

 Spells                   Type           Power      Damage    Failure   Level
 Vhi's Electric Charge    Tloc/Air       0%         N/A       100%        3
 Arcjolt                  Conj/Air       0%         1d10      100%        5
 Maxwell's Capacitive Co  Air            0%         ∞         100%        8


Dungeon Overview and Level Annotations

Branches:
Dungeon (3/15)

Altars:
Ru


Innate Abilities, Weirdness & Mutations

When seriously injured, your blood forms armour. (AC +6)
You expend magic power (3 MP) to strengthen your wands.


Message History

The hobgoblin barely misses you.
You slash the hobgoblin!
You kill the hobgoblin!
A gnoll comes into view. It is wielding a +0 flail.
You barely miss the gnoll. The gnoll hits you but does no damage.
You hit the gnoll.
The gnoll is moderately wounded.
The gnoll hits you but does no damage.
You hit the gnoll but do no damage.
The gnoll is moderately wounded.
The gnoll hits you with a +0 flail.
You hit the gnoll.
The gnoll is heavily wounded.
The gnoll hits you with a +0 flail.
You hit the gnoll.
The gnoll goes berserk!
Xom is highly amused!
The gnoll is severely wounded.
The gnoll hits you but does no damage. The gnoll closely misses you. x2
You completely miss the gnoll.
The gnoll is severely wounded.
The gnoll completely misses you. The gnoll hits you but does no damage.
The gnoll barely misses you.
You barely miss the gnoll.
The gnoll is severely wounded.
The gnoll hits you from afar with a +0 halberd.
Your blood congeals into armour.
The gnoll barely misses you.
You hit the gnoll.
The gnoll is almost dead.
The gnoll barely misses you.
The gnoll hits you but does no damage. x2
The gnoll closely misses you.
You barely miss the gnoll.
The gnoll is almost dead.
The gnoll closely misses you. The gnoll barely misses you.
The gnoll hits you with a +0 flail!
* * * LOW HITPOINT WARNING * * *
You hit the gnoll. You burn the gnoll.
You kill the gnoll!
The gnoll hits you from afar with a +0 halberd!
You die...
Xom howls with laughter!

#.............#....#.
###...##.####.#....#.
#.####.# #.#....##
#.# #.# #.#....#. #.#
#.# #.#...... #.# #.#
#.#.#..## #.# #.#
#.#.#....
#.####.####.#
#.#.##.#.
.......@....#
#.#.##.#.
#.####g######
#.#.##.#. ..g
...#####.#.##.#.
.....
.........#.##.#.
.......
....#...........
#......
.......<##.##.#.
#####..
.##.#.####.##.#. ?..
# #. #.##.#. #
###.##.##


You could see 2 gnolls.

Vanquished Creatures
  A gnoll (D:3)
  4 worms (D:2)
  2 dart slugs (D:1)
  4 endoplasms
  4 giant cockroaches
  2 goblins
  5 hobgoblins
  2 kobolds (D:1)
  3 quokkas (D:1)
  2 ball pythons
  4 bats
  4 frilled lizards
  3 rats
40 creatures vanquished.

Notes
Turn   | Place    | Note
-------+----------+-------------------------------------------
     0 | D:1      | nalyd1 the Demonspawn Chaos Knight began the quest for the
                  | Orb.
     0 | D:1      | Reached XP level 1. HP: 18/18 MP: 1/1
    39 | D:1      | XOM: silly message
    70 | D:1      | XOM: silly message
   159 | D:1      | Gained mutation: When seriously injured, your blood forms
                  | armour. (AC +6) [demonic ancestry]
   159 | D:1      | Reached XP level 2. HP: 20/24 MP: 2/2
   269 | D:1      | XOM: silly message
   311 | D:1      | XOM: silly message
   467 | D:1      | Reached skill level 1 in Dodging
   510 | D:1      | XOM: silly message
   862 | D:2      | XOM: butterfly on damage
   957 | D:2      | Reached XP level 3. HP: 27/29 MP: 3/3
  1187 | D:2      | Found a faded altar of an unknown god.
  1557 | D:2      | XOM: divination: magic mapping
  2146 | D:2      | Gained mutation: You expend magic power (3 MP) to
                  | strengthen your wands. [potion of mutation]
  2197 | D:3      | XOM: silly message
  2257 | D:3      | Found a sacrificial altar of Ru.
  2353 | D:3      | Slain by a gnoll

Illustrated notes

Levels and vault maps discovered:
D:1:      dpeg_arrival_oval, layout_basic, roderic_lattice_a
D:2:      layout_basic, chequers_ecumenical_altar_simple, grunt_ministairs_2
D:3:      minmay_bubble_buster, layout_basic, mainiacjoe_overflow_chevrons

Skill      XL: |  1  2 |
---------------+-------+-----
Axes           | 3 |  3.5
Dodging        | 1 |  1.2
Armour         | 2 |  2.1
Fighting       | |  3.4
Stealth        | |  0.2

Action                     || total
---------------------------++-------
  Melee: Hand axe          ||   146
         Punch             ||     1
    Use: Scroll            ||     6
         Potion            ||     3
 Armour: Leather armour    ||    53
         Chain mail        ||    19
  Dodge: Dodged            ||    79
